CHICAGO WOLVES vs KUUJJUAQ MOSQUITO

Created - 3 novembre 2025 at 14:04

Goals
1 2 3 T
CHICAGO WOLVES 2 0 3 5
KUUJJUAQ MOSQUITO 0 1 1 2
Shots
1 2 3 T
CHICAGO WOLVES 20 22 26 68
KUUJJUAQ MOSQUITO 9 6 12 27

1st period

1. CHICAGO WOLVES , Jackson Blake 8 (Dalibor Dvorsky 1) at 9:30
2. CHICAGO WOLVES , Jackson Blake 9 (Kirill Kudryavtsev 1) at 16:41

Penalties :
Montana Onyebuchi (CHW) for Boarding (Minor) at 3:39, Maveric Lamoureux (KUU) for Tripping (Minor) at 16:05, Jake Lucchini (CHW) for Checking from behind (Minor) at 16:05

2nd period

3. KUUJJUAQ MOSQUITO , Marc McLaughlin 2 (Xavier Parent 3, Jordan Harris 4) at 12:17

Penalties :
Alex Swetlikoff (KUU) for Hooking (Minor) at 10:31, Tanner Jeannot (CHW) for High sticking (Minor) at 10:39, Jakub Dvorak (KUU) for Holding (Minor) at 16:53

3rd period

4. KUUJJUAQ MOSQUITO , Maveric Lamoureux 1 (Bradley Marek 1, Scott Harrington 1) at 0:54
5. CHICAGO WOLVES , Jonatan Berggren 4 (Tanner Jeannot 5, Devin Shore 5) at 1:36
6. CHICAGO WOLVES , Jackson Blake 10 (Jordan Greenway 11, Glenn Gawdin 7) at 3:53 (PP)
7. CHICAGO WOLVES , Jordan Greenway 5 (Glenn Gawdin 8, Yan Kuznetsov 7) at 12:51

Penalties :
Jakub Dvorak (KUU) for Hooking (Minor) at 2:21, Ben Zloty (KUU) for Holding Stick (Minor) at 6:00, Alex Swetlikoff (KUU) for Tripping (Minor) at 14:26

Goalie Stats

Vitek Vanecek (CHW), 25 saves from 27 shots - (0,926), W, 1-0-0, 60:00 minutes
Hunter Shepard (KUU), 63 saves from 68 shots - (0,926), L, 1-6-0, 60:00 minutes

Players Stats for CHICAGO WOLVES

Player Name              G  A  P  +/- PIM S  H  SB GA TA FO     MP     PP MP  PK MP  
------------------------------------------------------------------------------------
Coulson Pitre            0  0  0   1  0   0  0  0  0  0  1/1     3:23   0:00   0:00 
Dalibor Dvorsky          0  1  1   1  0   2  0  0  0  0  1/6     3:23   0:00   0:00 
Devin Shore              0  1  1   0  0   7  0  0  0  0  12/28  17:48   3:51   0:00 
Glenn Gawdin             0  2  2   0  0   5  0  0  0  0  3/7    20:38   3:46   0:43 
Jackson Blake            3  0  3   3  0   14 0  0  0  0  19/43  25:58   3:46   1:24 
Jake Lucchini            0  0  0   0  2   7  0  0  0  0  7/14   14:13   0:00   0:00 
Jonatan Berggren         1  0  1  -1  0   6  0  0  0  0  1/1    19:48   3:51   0:43 
Jordan Greenway          1  1  2   2  0   13 2  0  0  0  1/1    22:35   3:46   1:24 
Kirill Kudryavtsev       0  1  1   2  0   0  0  0  0  0  0/0    25:36   3:46   1:07 
Luke Krys                0  0  0  -1  0   0  0  2  0  0  0/0    22:07   3:51   1:00 
Matthew Seminoff         0  0  0   0  0   4  0  1  0  0  1/1    14:14   0:00   0:00 
Montana Onyebuchi        0  0  0  -1  2   1  5  3  0  0  0/0    21:06   3:51   0:00 
Nikolas Matinpalo        0  0  0   1  0   2  0  1  0  0  0/0    12:54   0:00   0:37 
Ondrej Becher            0  0  0   0  0   1  2  0  0  0  1/1    14:14   0:00   0:00 
Tanner Jeannot           0  1  1   0  2   5  7  0  0  0  0/2    17:47   3:50   0:00 
Tristan Luneau           0  0  0   0  0   0  0  0  0  0  0/0     0:00   0:00   0:00 
Vincent Iorio            0  0  0   1  0   0  2  1  0  0  0/0    12:17   0:00   0:00 
Yan Kuznetsov            0  1  1   2  0   1  4  1  0  0  0/0    25:59   3:46   1:30 

Players Stats for KUUJJUAQ MOSQUITO

Player Name              G  A  P  +/- PIM S  H  SB GA TA FO     MP     PP MP  PK MP  
------------------------------------------------------------------------------------
Adam Sykora              0  0  0   0  0   3  1  0  0  0  22/29  24:02   1:13   3:15 
Alex Swetlikoff          0  0  0  -1  4   5  0  0  0  0  5/10   24:09   1:13   3:10 
Ben Zloty                0  0  0  -1  2   0  1  2  0  0  0/0     7:08   0:00   1:01 
Bokondji Imama           0  0  0   0  0   0  0  0  0  0  0/0     0:00   0:00   0:00 
Bradley Marek            0  1  1   0  0   1  3  0  0  0  2/2    20:21   1:13   0:23 
Dyllan Gill              0  0  0   0  0   0  1  0  0  0  0/0     1:20   0:00   0:47 
Jakub Dvorak             0  0  0   0  4   0  6  1  0  0  0/0    17:46   0:00   0:00 
Jordan Harris            0  1  1   0  0   0  1  6  0  0  0/0    25:22   1:02   2:30 
Josh Davies              0  0  0   0  0   0  0  0  0  0  0/0     0:00   0:00   0:00 
Justin Gill              0  0  0  -1  0   0  0  0  0  0  6/10    7:50   0:00   0:00 
Marc McLaughlin          1  0  1   0  0   4  1  0  0  0  6/19   20:32   0:54   1:22 
Maveric Lamoureux        1  0  1   0  2   3  11 7  0  0  0/0    25:09   1:05   3:21 
Niko Huuhtanen           0  0  0  -1  0   4  0  1  0  0  13/22  25:49   0:54   2:12 
Reece Newkirk            0  0  0  -1  0   0  0  0  0  0  3/10    9:47   0:00   0:00 
Scott Harrington         0  1  1  -1  0   2  3  4  0  0  0/0    26:26   1:05   3:21 
Tobias Bjornfot          0  0  0  -2  0   0  3  1  0  0  0/0    16:45   1:02   4:14 
Tyler Thorpe             0  0  0   0  0   2  1  0  0  0  0/1     8:51   0:00   0:00 
Xavier Parent            0  1  1  -2  0   3  0  0  0  0  1/2    27:10   0:54   4:52 

3 Stars

1 - Jackson Blake (CHW)
2 - Jordan Greenway (CHW)
3 - Maveric Lamoureux (KUU)

Power Play

CHICAGO WOLVES - 1 on 5 Attempt(s) - 20,00%
KUUJJUAQ MOSQUITO - 0 on 2 Attempt(s) - 0,00%

Penalty Kill

CHICAGO WOLVES - 2 on 2 Attempt(s) - 100,00% - Score 0 goal in Penalty Kill
KUUJJUAQ MOSQUITO - 4 on 5 Attempt(s) - 80,00% - Score 0 goal in Penalty Kill

Team Stat

CHICAGO WOLVES - Hits : 22 - Faceoff Wins : 47 - Blocked Shots : 9 - Penalty Minutes : 6
KUUJJUAQ MOSQUITO - Hits : 32 - Faceoff Wins : 58 - Blocked Shots : 22 - Penalty Minutes : 12

Official

Referees : Sean MacFarlane and Mike Campbell
Linesman : Derek Wahl and Ryan Gibbons

Game Notes

Jackson Blake has scored a Hat Trick!

CHICAGO WOLVES

5 vs 5 Forward 
   Center                   Left Wing                Right Wing               Time % Phy DF OF 
 1 Jackson Blake            Jordan Greenway          Glenn Gawdin             36     1   2  2  
 2 Devin Shore              Jonatan Berggren         Tanner Jeannot           31     1   2  2  
 3 Jake Lucchini            Ondrej Becher            Matthew Seminoff         23     1   2  2  
 4 Dalibor Dvorsky          Jackson Blake            Coulson Pitre            10     1   2  2  

5 vs 5 Defense 
   Defense                  Defense                                           Time % Phy DF OF 
 1 Yan Kuznetsov            Kirill Kudryavtsev                                36     1   2  2  
 2 Luke Krys                Montana Onyebuchi                                 31     1   2  2  
 3 Vincent Iorio            Nikolas Matinpalo                                 23     1   2  2  
 4 Yan Kuznetsov            Kirill Kudryavtsev                                10     1   2  2  

PowerPlay Forward 
   Center                   Left Wing                Right Wing               Time % Phy DF OF 
 1 Jackson Blake            Jordan Greenway          Glenn Gawdin             55     1   2  2  
 2 Devin Shore              Jonatan Berggren         Tanner Jeannot           45     1   2  2  

PowerPlay Defense
   Defense                  Defense                                           Time % Phy DF OF 
 1 Yan Kuznetsov            Kirill Kudryavtsev                                55     1   2  2  
 2 Luke Krys                Montana Onyebuchi                                 45     1   2  2  

Penalty Kill 4 Players Forward 
   Center                   Wing                     Time % Phy DF OF 
 1 Jackson Blake            Jordan Greenway          55     1   2  2  
 2 Glenn Gawdin             Jonatan Berggren         45     1   2  2  

Penalty Kill 4 Players Defense
   Defense                  Defense                  Time % Phy DF OF 
 1 Yan Kuznetsov            Kirill Kudryavtsev       55     1   2  2  
 2 Luke Krys                Montana Onyebuchi        45     1   2  2  

Penalty Kill - 3 Players Forward 
   Forward                                           Time % Phy DF OF 
 1 Jackson Blake                                     55     1   2  2  
 2 Jordan Greenway                                   45     1   2  2  

Penalty Kill - 3 Players Defense
   Defense                  Defense                  Time % Phy DF OF 
 1 Yan Kuznetsov            Kirill Kudryavtsev       55     1   2  2  
 2 Luke Krys                Montana Onyebuchi        45     1   2  2  

4 vs 4 Forward 
   Center                   Wing                     Time % Phy DF OF 
 1 Jackson Blake            Jordan Greenway          55     1   2  2  
 2 Glenn Gawdin             Jonatan Berggren         45     1   2  2  

4 vs 4 Defense
   Defense                  Defense                  Time % Phy DF OF 
 1 Yan Kuznetsov            Kirill Kudryavtsev       55     1   2  2  
 2 Luke Krys                Montana Onyebuchi        45     1   2  2  

Last Minutes Offensive
   Center                   Left Wing                Right Wing               Defense                  Defense                  
   Jackson Blake            Jordan Greenway          Glenn Gawdin             Yan Kuznetsov            Kirill Kudryavtsev       

Last Minutes Defensive
   Center                   Left Wing                Right Wing               Defense                  Defense                  
   Jackson Blake            Jordan Greenway          Glenn Gawdin             Yan Kuznetsov            Kirill Kudryavtsev       

Goaltenders
Starting : Vitek Vanecek            
Backup : Jet Greaves              

Extra Forwards
Normal : Jackson Blake, Jake Lucchini, Dalibor Dvorsky - PP : Jackson Blake, Jake Lucchini - PK : Dalibor Dvorsky
Extra Defensemen
Normal : Vincent Iorio, Nikolas Matinpalo, Luke Krys - PP : Vincent Iorio - PK : Nikolas Matinpalo, Luke Krys
Penalty Shots
Jackson Blake, Jordan Greenway, Glenn Gawdin, Jonatan Berggren, Tanner Jeannot

Scratches
Kai Schwindt (Healthy), Artem Grushnikov (Healthy), Milo Roelens (Healthy), Lane Pederson (Healthy), Daemon Hunt (Healthy)
Valtteri Pulli (Healthy), Michael Buchinger (Healthy), Shane Lachance (Healthy), Lukas Svejkovsky (Healthy), Jan Bednar (Healthy)
Eetu Makiniemi (Healthy), Vyacheslav Buteyets (Healthy), Remi Poirier (Healthy)

KUUJJUAQ MOSQUITO

5 vs 5 Forward 
   Center                   Left Wing                Right Wing               Time % Phy DF OF 
 1 Marc McLaughlin          Xavier Parent            Niko Huuhtanen           36     1   2  2  
 2 Adam Sykora              Alex Swetlikoff          Bradley Marek            31     1   2  2  
 3 Niko Huuhtanen           Tyler Thorpe             Marc McLaughlin          23     1   2  2  
 4 Reece Newkirk            Niko Huuhtanen           Xavier Parent            10     1   2  2  

5 vs 5 Defense 
   Defense                  Defense                                           Time % Phy DF OF 
 1 Jakub Dvorak             Jordan Harris                                     36     1   2  2  
 2 Scott Harrington         Maveric Lamoureux                                 31     1   2  2  
 3 Jordan Harris            Tobias Bjornfot                                   23     1   2  2  
 4 Scott Harrington         Jordan Harris                                     10     1   2  2  

PowerPlay Forward 
   Center                   Left Wing                Right Wing               Time % Phy DF OF 
 1 Marc McLaughlin          Xavier Parent            Niko Huuhtanen           55     1   2  2  
 2 Adam Sykora              Alex Swetlikoff          Bradley Marek            45     1   2  2  

PowerPlay Defense
   Defense                  Defense                                           Time % Phy DF OF 
 1 Tobias Bjornfot          Jordan Harris                                     55     1   2  2  
 2 Scott Harrington         Maveric Lamoureux                                 45     1   2  2  

Penalty Kill 4 Players Forward 
   Center                   Wing                     Time % Phy DF OF 
 1 Alex Swetlikoff          Xavier Parent            55     1   2  2  
 2 Niko Huuhtanen           Adam Sykora              45     1   2  2  

Penalty Kill 4 Players Defense
   Defense                  Defense                  Time % Phy DF OF 
 1 Tobias Bjornfot          Jordan Harris            55     1   2  2  
 2 Scott Harrington         Maveric Lamoureux        45     1   2  2  

Penalty Kill - 3 Players Forward 
   Forward                                           Time % Phy DF OF 
 1 Niko Huuhtanen                                    55     1   2  2  
 2 Xavier Parent                                     45     1   2  2  

Penalty Kill - 3 Players Defense
   Defense                  Defense                  Time % Phy DF OF 
 1 Tobias Bjornfot          Jordan Harris            55     1   2  2  
 2 Scott Harrington         Maveric Lamoureux        45     1   2  2  

4 vs 4 Forward 
   Center                   Wing                     Time % Phy DF OF 
 1 Alex Swetlikoff          Xavier Parent            55     1   2  2  
 2 Niko Huuhtanen           Adam Sykora              45     1   2  2  

4 vs 4 Defense
   Defense                  Defense                  Time % Phy DF OF 
 1 Jakub Dvorak             Jordan Harris            55     1   2  2  
 2 Scott Harrington         Maveric Lamoureux        45     1   2  2  

Last Minutes Offensive
   Center                   Left Wing                Right Wing               Defense                  Defense                  
   Adam Sykora              Xavier Parent            Niko Huuhtanen           Scott Harrington         Jordan Harris            

Last Minutes Defensive
   Center                   Left Wing                Right Wing               Defense                  Defense                  
   Adam Sykora              Xavier Parent            Niko Huuhtanen           Scott Harrington         Jordan Harris            

Goaltenders
Starting : Hunter Shepard           
Backup : Nikke Kokko              

Extra Forwards
Normal : Justin Gill, Xavier Parent, Marc McLaughlin - PP : Justin Gill, Niko Huuhtanen - PK : Marc McLaughlin
Extra Defensemen
Normal : Jordan Harris, Tobias Bjornfot, Scott Harrington - PP : Scott Harrington - PK : Tobias Bjornfot, Scott Harrington
Penalty Shots
Marc McLaughlin, Xavier Parent, Niko Huuhtanen, Adam Sykora, Alex Swetlikoff

Scratches
Quinn Olson (Healthy), Tory Dello (Sprained Left Finger Injury), Mats Lindgren (Healthy), Ryan Leonard (Bruised Left Arm Injury), Pavel Cajan (Healthy)

% Time on Ice - CHICAGO WOLVES

Lines # - Real PCT - Wanted PCT - Time Play
Normal Forward
1 - 32% - 36% - 14:52
2 - 30% - 31% - 13:57
3 - 31% - 23% - 14:14
4 - 7% - 10% - 3:23
Normal Defense
1 - 37% - 36% - 16:58
2 - 34% - 31% - 15:49
3 - 26% - 23% - 12:17
4 - 3% - 10% - 1:22
PP Forward
1 - 49% - 55% - 3:46
2 - 51% - 45% - 3:51
PP Defense
1 - 49% - 55% - 3:46
2 - 51% - 45% - 3:51
PK Forward
1 - 66% - 55% - 1:24
2 - 34% - 45% - 0:43
PK Defense
1 - 46% - 55% - 0:58
2 - 54% - 45% - 1:09
PK3 Forward
1 - 0% - 55%
2 - 0% - 45%
PK3 Defense
1 - 0% - 55%
2 - 0% - 45%
44 Forward
1 - 67% - 55% - 2:33
2 - 33% - 45% - 1:17
44 Defense
1 - 62% - 55% - 2:23
2 - 38% - 45% - 1:27
Last Minute Offensive  - 0:00
Last Minute Defensive  - 0:00
Total
Forward - 60:00
Defense - 60:00

% Time on Ice - KUUJJUAQ MOSQUITO

Lines # - Real PCT - Wanted PCT - Time Play
Normal Forward
1 - 19% - 36% - 9:03
2 - 40% - 31% - 18:45
3 - 19% - 23% - 8:51
4 - 21% - 10% - 9:47
Normal Defense
1 - 35% - 36% - 16:28
2 - 44% - 31% - 20:23
3 - 18% - 23% - 8:24
4 - 3% - 10% - 1:11
PP Forward
1 - 43% - 55% - 0:54
2 - 57% - 45% - 1:13
PP Defense
1 - 49% - 55% - 1:02
2 - 51% - 45% - 1:05
PK Forward
1 - 71% - 55% - 5:25
2 - 29% - 45% - 2:12
PK Defense
1 - 56% - 55% - 4:16
2 - 44% - 45% - 3:21
PK3 Forward
1 - 0% - 55%
2 - 0% - 45%
PK3 Defense
1 - 0% - 55%
2 - 0% - 45%
44 Forward
1 - 79% - 55% - 3:01
2 - 21% - 45% - 0:49
44 Defense
1 - 35% - 55% - 1:20
2 - 65% - 45% - 2:30
Last Minute Offensive  - 0:00
Last Minute Defensive  - 0:00
Total
Forward - 60:00
Defense - 60:00

Play-by-Play

1st period


0:01 of 1st period - Jackson Blake wins face-off versus Marc McLaughlin in neutral zone.
0:04 of 1st period - Shot by Glenn Gawdin.
0:04 of 1st period - Shot Blocked by Jordan Harris.
0:06 of 1st period - Shot by Jordan Greenway.
0:06 of 1st period - Stopped by Hunter Shepard without a rebound.
0:07 of 1st period - Adam Sykora wins face-off versus Devin Shore in KUUJJUAQ MOSQUITO zone.
0:30 of 1st period - Shot by Tanner Jeannot.
0:30 of 1st period - Stopped by Hunter Shepard with a rebound.
0:32 of 1st period - Shot by Jonatan Berggren.
0:32 of 1st period - Shot Misses the Net.
1:14 of 1st period - Jake Lucchini is hit by Jordan Harris and loses puck.
1:28 of 1st period - Marc McLaughlin is hit by Vincent Iorio and loses puck.
1:33 of 1st period - Shot by Jordan Harris.
1:33 of 1st period - Shot Blocked by Nikolas Matinpalo.
1:42 of 1st period - Icing by Jake Lucchini.
1:43 of 1st period - Jake Lucchini wins face-off versus Reece Newkirk in CHICAGO WOLVES zone.
2:09 of 1st period - Icing by Jordan Greenway.
2:10 of 1st period - Adam Sykora wins face-off versus Jackson Blake in CHICAGO WOLVES zone.
2:18 of 1st period - Jordan Greenway is hit by Scott Harrington and loses puck.
2:38 of 1st period - Jackson Blake is hit by Maveric Lamoureux and loses puck.
2:43 of 1st period - Shot by Jackson Blake.
2:43 of 1st period - Shot Misses the Net.
2:47 of 1st period - Shot by Jordan Greenway.
2:47 of 1st period - Shot Misses the Net.
2:57 of 1st period - Maveric Lamoureux is hit by Tanner Jeannot.
3:00 of 1st period - Alex Swetlikoff is hit by Montana Onyebuchi and loses puck.
3:18 of 1st period - Icing by Montana Onyebuchi.
3:19 of 1st period - Devin Shore wins face-off versus Niko Huuhtanen in CHICAGO WOLVES zone.
3:39 of 1st period - Minor Penalty to Montana Onyebuchi for Boarding.
3:40 of 1st period - Jackson Blake wins face-off versus Marc McLaughlin in CHICAGO WOLVES zone.
3:59 of 1st period - Shot by Marc McLaughlin.
3:59 of 1st period - Stopped by Vitek Vanecek without a rebound.
4:00 of 1st period - Glenn Gawdin wins face-off versus Adam Sykora in CHICAGO WOLVES zone.
5:39 of 1st period - Shot by Alex Swetlikoff.
5:39 of 1st period - Shot Misses the Net.
5:47 of 1st period - Shot by Xavier Parent.
5:47 of 1st period - Stopped by Vitek Vanecek with a rebound.
6:03 of 1st period - Shot by Reece Newkirk.
6:03 of 1st period - Shot Blocked by Matthew Seminoff.
6:05 of 1st period - Shot by Xavier Parent.
6:05 of 1st period - Stopped by Vitek Vanecek without a rebound.
6:06 of 1st period - Devin Shore wins face-off versus Tyler Thorpe in CHICAGO WOLVES zone.
6:22 of 1st period - Tyler Thorpe is hit by Tanner Jeannot.
7:05 of 1st period - Shot by Alex Swetlikoff.
7:05 of 1st period - Deflect By Adam Sykora.
7:05 of 1st period - Shot Misses the Net.
7:15 of 1st period - Shot by Adam Sykora.
7:15 of 1st period - Stopped by Vitek Vanecek without a rebound.
7:16 of 1st period - Reece Newkirk wins face-off versus Jackson Blake in CHICAGO WOLVES zone.
7:39 of 1st period - Shot by Jackson Blake.
7:39 of 1st period - Shot Misses the Net.
7:51 of 1st period - Jackson Blake is hit by Tobias Bjornfot.
8:06 of 1st period - Tanner Jeannot is hit by Ben Zloty and loses puck.
8:15 of 1st period - Shot by Devin Shore.
8:15 of 1st period - Shot Misses the Net.
9:08 of 1st period - Shot by Jake Lucchini.
9:08 of 1st period - Shot Blocked by Ben Zloty.
9:28 of 1st period - Shot by Dalibor Dvorsky.
9:28 of 1st period - Shot Misses the Net.
9:30 of 1st period - Shot by Jackson Blake.
9:30 of 1st period - Goal by Jackson Blake - CHICAGO WOLVES : 1 - KUUJJUAQ MOSQUITO : 0.
9:31 of 1st period - Jackson Blake wins face-off versus Adam Sykora in neutral zone.
9:36 of 1st period - Shot by Glenn Gawdin.
9:36 of 1st period - Stopped by Hunter Shepard without a rebound.
9:37 of 1st period - Niko Huuhtanen wins face-off versus Jackson Blake in KUUJJUAQ MOSQUITO zone.
9:37 of 1st period - Niko Huuhtanen is hit by Jordan Greenway.
9:53 of 1st period - Off-side.
9:54 of 1st period - Adam Sykora wins face-off versus Devin Shore in neutral zone.
10:51 of 1st period - Shot by Glenn Gawdin.
10:51 of 1st period - Shot Blocked by Scott Harrington.
10:53 of 1st period - Shot by Jordan Greenway.
10:53 of 1st period - Shot Misses the Net.
10:55 of 1st period - Shot by Jordan Greenway.
10:55 of 1st period - Stopped by Hunter Shepard without a rebound.
10:56 of 1st period - Jake Lucchini wins face-off versus Niko Huuhtanen in KUUJJUAQ MOSQUITO zone.
10:56 of 1st period - Jake Lucchini is hit by Jakub Dvorak.
11:00 of 1st period - Shot by Matthew Seminoff.
11:00 of 1st period - Shot Misses the Net.
11:06 of 1st period - Shot by Marc McLaughlin.
11:06 of 1st period - Stopped by Vitek Vanecek without a rebound.
11:07 of 1st period - Jackson Blake wins face-off versus Niko Huuhtanen in CHICAGO WOLVES zone.
11:07 of 1st period - Jackson Blake is hit by Tyler Thorpe.
11:15 of 1st period - Shot by Jackson Blake.
11:15 of 1st period - Shot Blocked by Jakub Dvorak.
11:17 of 1st period - Shot by Jordan Greenway.
11:17 of 1st period - Stopped by Hunter Shepard without a rebound.
11:18 of 1st period - Niko Huuhtanen wins face-off versus Jake Lucchini in KUUJJUAQ MOSQUITO zone.
11:18 of 1st period - Niko Huuhtanen is hit by Ondrej Becher.
11:24 of 1st period - Shot by Jake Lucchini.
11:24 of 1st period - Stopped by Hunter Shepard with a rebound.
11:33 of 1st period - Off-side.
11:34 of 1st period - Adam Sykora wins face-off versus Jackson Blake in neutral zone.
11:36 of 1st period - Alex Swetlikoff is hit by Yan Kuznetsov and loses puck.
12:05 of 1st period - Shot by Jordan Greenway.
12:05 of 1st period - Stopped by Hunter Shepard without a rebound.
12:06 of 1st period - Devin Shore wins face-off versus Marc McLaughlin in KUUJJUAQ MOSQUITO zone.
12:09 of 1st period - Shot by Jonatan Berggren.
12:09 of 1st period - Shot Misses the Net.
12:21 of 1st period - Shot by Xavier Parent.
12:21 of 1st period - Shot Blocked by Luke Krys.
12:25 of 1st period - Shot by Niko Huuhtanen.
12:25 of 1st period - Shot Misses the Net.
12:27 of 1st period - Shot by Jakub Dvorak.
12:27 of 1st period - Shot Blocked by Montana Onyebuchi.
13:02 of 1st period - Shot by Glenn Gawdin.
13:02 of 1st period - Deflect By Jackson Blake.
13:02 of 1st period - Shot Misses the Net.
13:04 of 1st period - Shot by Jordan Greenway.
13:04 of 1st period - Shot Misses the Net.
13:06 of 1st period - Shot by Jackson Blake.
13:06 of 1st period - Stopped by Hunter Shepard with a rebound.
13:14 of 1st period - Shot by Glenn Gawdin.
13:14 of 1st period - Deflect By Jackson Blake.
13:14 of 1st period - Stopped by Hunter Shepard without a rebound.
13:15 of 1st period - Reece Newkirk wins face-off versus Jake Lucchini in KUUJJUAQ MOSQUITO zone.
13:27 of 1st period - Shot by Jake Lucchini.
13:27 of 1st period - Stopped by Hunter Shepard with a rebound.
13:29 of 1st period - Shot by Matthew Seminoff.
13:29 of 1st period - Stopped by Hunter Shepard with a rebound.
13:31 of 1st period - Shot by Nikolas Matinpalo.
13:31 of 1st period - Stopped by Hunter Shepard without a rebound.
13:32 of 1st period - Niko Huuhtanen wins face-off versus Jackson Blake in KUUJJUAQ MOSQUITO zone.
13:39 of 1st period - Shot by Niko Huuhtanen.
13:39 of 1st period - Stopped by Vitek Vanecek without a rebound.
13:40 of 1st period - Jackson Blake wins face-off versus Adam Sykora in CHICAGO WOLVES zone.
14:05 of 1st period - Shot by Jackson Blake.
14:05 of 1st period - Stopped by Hunter Shepard without a rebound.
14:06 of 1st period - Marc McLaughlin wins face-off versus Jake Lucchini in KUUJJUAQ MOSQUITO zone.
14:20 of 1st period - Niko Huuhtanen is hit by Montana Onyebuchi and loses puck.
14:39 of 1st period - Shot by Jake Lucchini.
14:39 of 1st period - Stopped by Hunter Shepard with a rebound.
14:41 of 1st period - Shot by Luke Krys.
14:41 of 1st period - Shot Misses the Net.
14:43 of 1st period - Shot by Montana Onyebuchi.
14:43 of 1st period - Shot Blocked by Jordan Harris.
14:47 of 1st period - Shot by Jake Lucchini.
14:47 of 1st period - Shot Misses the Net.
14:59 of 1st period - Shot by Jackson Blake.
14:59 of 1st period - Shot Blocked by Jordan Harris.
15:07 of 1st period - Shot by Dalibor Dvorsky.
15:07 of 1st period - Shot Misses the Net.
15:33 of 1st period - Shot by Dalibor Dvorsky.
15:33 of 1st period - Stopped by Hunter Shepard without a rebound.
15:34 of 1st period - Adam Sykora wins face-off versus Devin Shore in KUUJJUAQ MOSQUITO zone.
15:47 of 1st period - Shot by Alex Swetlikoff.
15:47 of 1st period - Stopped by Vitek Vanecek without a rebound.
15:48 of 1st period - Jake Lucchini wins face-off versus Adam Sykora in CHICAGO WOLVES zone.
15:48 of 1st period - Jake Lucchini is hit by Bradley Marek.
16:00 of 1st period - Shot by Jake Lucchini.
16:00 of 1st period - Deflect By Ondrej Becher.
16:00 of 1st period - Shot Hit the Post.
16:02 of 1st period - Shot by Ondrej Becher.
16:02 of 1st period - Shot Misses the Net.
16:04 of 1st period - Shot by Luke Krys.
16:04 of 1st period - Shot Misses the Net.
16:05 of 1st period - Minor Penalty to Maveric Lamoureux for Tripping.
16:05 of 1st period - Minor Penalty to Jake Lucchini for Checking from behind.
16:06 of 1st period - Jackson Blake wins face-off versus Alex Swetlikoff in KUUJJUAQ MOSQUITO zone.
16:11 of 1st period - Shot by Jackson Blake.
16:11 of 1st period - Shot Blocked by Scott Harrington.
16:29 of 1st period - Shot by Jackson Blake.
16:29 of 1st period - Stopped by Hunter Shepard with a rebound.
16:33 of 1st period - Shot by Jordan Greenway.
16:33 of 1st period - Stopped by Hunter Shepard with a rebound.
16:41 of 1st period - Shot by Jackson Blake.
16:41 of 1st period - Goal by Jackson Blake - CHICAGO WOLVES : 2 - KUUJJUAQ MOSQUITO : 0.
16:42 of 1st period - Niko Huuhtanen wins face-off versus Glenn Gawdin in neutral zone.
17:41 of 1st period - Shot by Alex Swetlikoff.
17:41 of 1st period - Stopped by Vitek Vanecek without a rebound.
17:42 of 1st period - Justin Gill wins face-off versus Jackson Blake in CHICAGO WOLVES zone.
18:29 of 1st period - Shot by Tyler Thorpe.
18:29 of 1st period - Shot Misses the Net.
18:31 of 1st period - Shot by Niko Huuhtanen.
18:31 of 1st period - Shot Blocked by Vincent Iorio.
18:33 of 1st period - Shot by Scott Harrington.
18:33 of 1st period - Stopped by Vitek Vanecek with a rebound.
19:21 of 1st period - Shot by Devin Shore.
19:21 of 1st period - Shot Misses the Net.
19:23 of 1st period - Shot by Tanner Jeannot.
19:23 of 1st period - Shot Misses the Net.
19:25 of 1st period - Shot by Tanner Jeannot.
19:25 of 1st period - Stopped by Hunter Shepard without a rebound.
19:26 of 1st period - Reece Newkirk wins face-off versus Jackson Blake in KUUJJUAQ MOSQUITO zone.
Goals for this period are 2 for CHICAGO WOLVES vs 0 for KUUJJUAQ MOSQUITO.
Shots for this period are 20 for CHICAGO WOLVES vs 9 for KUUJJUAQ MOSQUITO.

2nd period


0:01 of 2nd period - Jackson Blake wins face-off versus Marc McLaughlin in neutral zone.
0:29 of 2nd period - Jackson Blake is hit by Scott Harrington and loses puck.
0:49 of 2nd period - Icing by Kirill Kudryavtsev.
0:50 of 2nd period - Adam Sykora wins face-off versus Jackson Blake in CHICAGO WOLVES zone.
1:45 of 2nd period - Shot by Jonatan Berggren.
1:45 of 2nd period - Shot Misses the Net.
1:47 of 2nd period - Shot by Tanner Jeannot.
1:47 of 2nd period - Stopped by Hunter Shepard without a rebound.
1:48 of 2nd period - Jake Lucchini wins face-off versus Reece Newkirk in KUUJJUAQ MOSQUITO zone.
2:16 of 2nd period - Shot by Ondrej Becher.
2:16 of 2nd period - Stopped by Hunter Shepard without a rebound.
2:17 of 2nd period - Niko Huuhtanen wins face-off versus Dalibor Dvorsky in KUUJJUAQ MOSQUITO zone.
2:26 of 2nd period - Shot by Niko Huuhtanen.
2:26 of 2nd period - Stopped by Vitek Vanecek without a rebound.
2:27 of 2nd period - Marc McLaughlin wins face-off versus Devin Shore in CHICAGO WOLVES zone.
2:28 of 2nd period - Shot by Xavier Parent.
2:28 of 2nd period - Shot Misses the Net.
2:49 of 2nd period - Shot by Devin Shore.
2:49 of 2nd period - Stopped by Hunter Shepard without a rebound.
2:50 of 2nd period - Adam Sykora wins face-off versus Jackson Blake in KUUJJUAQ MOSQUITO zone.
2:50 of 2nd period - Adam Sykora is hit by Jordan Greenway.
3:08 of 2nd period - Shot by Jordan Greenway.
3:08 of 2nd period - Shot Misses the Net.
3:11 of 2nd period - Glenn Gawdin is hit by Maveric Lamoureux and loses puck.
4:12 of 2nd period - Shot by Matthew Seminoff.
4:12 of 2nd period - Stopped by Hunter Shepard without a rebound.
4:13 of 2nd period - Devin Shore wins face-off versus Adam Sykora in KUUJJUAQ MOSQUITO zone.
4:18 of 2nd period - Shot by Devin Shore.
4:18 of 2nd period - Stopped by Hunter Shepard with a rebound.
4:20 of 2nd period - Shot by Nikolas Matinpalo.
4:20 of 2nd period - Shot Hit the Post.
4:22 of 2nd period - Shot by Jonatan Berggren.
4:22 of 2nd period - Stopped by Hunter Shepard without a rebound.
4:23 of 2nd period - Devin Shore wins face-off versus Reece Newkirk in KUUJJUAQ MOSQUITO zone.
4:30 of 2nd period - Shot by Tanner Jeannot.
4:30 of 2nd period - Shot Misses the Net.
4:32 of 2nd period - Shot by Devin Shore.
4:32 of 2nd period - Shot Misses the Net.
4:34 of 2nd period - Shot by Jonatan Berggren.
4:34 of 2nd period - Deflect By Tanner Jeannot.
4:34 of 2nd period - Shot Misses the Net.
4:36 of 2nd period - Shot by Jonatan Berggren.
4:36 of 2nd period - Shot Misses the Net.
4:38 of 2nd period - Shot by Devin Shore.
4:38 of 2nd period - Shot Misses the Net.
4:40 of 2nd period - Shot by Jonatan Berggren.
4:40 of 2nd period - Shot Blocked by Maveric Lamoureux.
4:57 of 2nd period - Devin Shore is hit by Maveric Lamoureux and loses puck.
5:21 of 2nd period - Matthew Seminoff is hit by Jakub Dvorak and loses puck.
5:56 of 2nd period - Shot by Jackson Blake.
5:56 of 2nd period - Stopped by Hunter Shepard without a rebound.
5:57 of 2nd period - Justin Gill wins face-off versus Jackson Blake in KUUJJUAQ MOSQUITO zone.
6:03 of 2nd period - Off-side.
6:04 of 2nd period - Jackson Blake wins face-off versus Justin Gill in neutral zone.
6:11 of 2nd period - Shot by Jordan Greenway.
6:11 of 2nd period - Shot Blocked by Maveric Lamoureux.
6:43 of 2nd period - Shot by Glenn Gawdin.
6:43 of 2nd period - Deflect By Jackson Blake.
6:43 of 2nd period - Stopped by Hunter Shepard without a rebound.
6:44 of 2nd period - Adam Sykora wins face-off versus Devin Shore in KUUJJUAQ MOSQUITO zone.
6:44 of 2nd period - Adam Sykora is hit by Tanner Jeannot.
6:54 of 2nd period - Shot by Alex Swetlikoff.
6:54 of 2nd period - Stopped by Vitek Vanecek with a rebound.
7:44 of 2nd period - Shot by Jake Lucchini.
7:44 of 2nd period - Shot Misses the Net.
7:55 of 2nd period - Shot by Niko Huuhtanen.
7:55 of 2nd period - Stopped by Vitek Vanecek without a rebound.
7:56 of 2nd period - Niko Huuhtanen wins face-off versus Jackson Blake in CHICAGO WOLVES zone.
7:57 of 2nd period - Shot by Tyler Thorpe.
7:57 of 2nd period - Shot Misses the Net.
8:18 of 2nd period - Glenn Gawdin is hit by Scott Harrington and loses puck.
8:56 of 2nd period - Matthew Seminoff is hit by Maveric Lamoureux and loses puck.
9:01 of 2nd period - Shot by Jake Lucchini.
9:01 of 2nd period - Stopped by Hunter Shepard with a rebound.
9:03 of 2nd period - Shot by Matthew Seminoff.
9:03 of 2nd period - Deflect By Jake Lucchini.
9:03 of 2nd period - Shot Misses the Net.
9:05 of 2nd period - Shot by Kirill Kudryavtsev.
9:05 of 2nd period - Shot Blocked by Maveric Lamoureux.
9:45 of 2nd period - Shot by Tanner Jeannot.
9:45 of 2nd period - Shot Misses the Net.
9:51 of 2nd period - Shot by Devin Shore.
9:51 of 2nd period - Stopped by Hunter Shepard without a rebound.
9:52 of 2nd period - Coulson Pitre wins face-off versus Reece Newkirk in KUUJJUAQ MOSQUITO zone.
10:27 of 2nd period - Icing by Jackson Blake.
10:28 of 2nd period - Alex Swetlikoff wins face-off versus Dalibor Dvorsky in CHICAGO WOLVES zone.
10:28 of 2nd period - Alex Swetlikoff is hit by Montana Onyebuchi.
10:30 of 2nd period - Shot by Adam Sykora.
10:30 of 2nd period - Shot Misses the Net.
10:31 of 2nd period - Minor Penalty to Alex Swetlikoff for Hooking.
10:32 of 2nd period - Adam Sykora wins face-off versus Devin Shore in KUUJJUAQ MOSQUITO zone.
10:39 of 2nd period - Minor Penalty to Tanner Jeannot for High sticking.
10:40 of 2nd period - Justin Gill wins face-off versus Jackson Blake in CHICAGO WOLVES zone.
10:41 of 2nd period - Shot by Xavier Parent.
10:41 of 2nd period - Shot Misses the Net.
10:44 of 2nd period - Icing by Jordan Greenway.
10:45 of 2nd period - Jackson Blake wins face-off versus Justin Gill in CHICAGO WOLVES zone.
10:58 of 2nd period - Shot by Jordan Greenway.
10:58 of 2nd period - Stopped by Hunter Shepard without a rebound.
10:59 of 2nd period - Justin Gill wins face-off versus Jackson Blake in KUUJJUAQ MOSQUITO zone.
11:14 of 2nd period - Off-side.
11:15 of 2nd period - Glenn Gawdin wins face-off versus Justin Gill in neutral zone.
11:20 of 2nd period - Shot by Jonatan Berggren.
11:20 of 2nd period - Stopped by Hunter Shepard without a rebound.
11:21 of 2nd period - Justin Gill wins face-off versus Jackson Blake in KUUJJUAQ MOSQUITO zone.
11:42 of 2nd period - Shot by Maveric Lamoureux.
11:42 of 2nd period - Stopped by Vitek Vanecek with a rebound.
11:45 of 2nd period - Icing by Jordan Greenway.
11:46 of 2nd period - Jackson Blake wins face-off versus Niko Huuhtanen in CHICAGO WOLVES zone.
11:55 of 2nd period - Shot by Jackson Blake.
11:55 of 2nd period - Stopped by Hunter Shepard without a rebound.
11:56 of 2nd period - Xavier Parent wins face-off versus Glenn Gawdin in KUUJJUAQ MOSQUITO zone.
12:07 of 2nd period - Shot by Xavier Parent.
12:07 of 2nd period - Shot Misses the Net.
12:15 of 2nd period - Shot by Xavier Parent.
12:15 of 2nd period - Shot Blocked by Montana Onyebuchi.
12:17 of 2nd period - Shot by Marc McLaughlin.
12:17 of 2nd period - Goal by Marc McLaughlin - CHICAGO WOLVES : 2 - KUUJJUAQ MOSQUITO : 1.
12:18 of 2nd period - Jackson Blake wins face-off versus Niko Huuhtanen in neutral zone.
12:23 of 2nd period - Shot by Jackson Blake.
12:23 of 2nd period - Stopped by Hunter Shepard without a rebound.
12:24 of 2nd period - Jackson Blake wins face-off versus Justin Gill in KUUJJUAQ MOSQUITO zone.
12:27 of 2nd period - Shot by Jackson Blake.
12:27 of 2nd period - Stopped by Hunter Shepard without a rebound.
12:28 of 2nd period - Justin Gill wins face-off versus Jackson Blake in KUUJJUAQ MOSQUITO zone.
12:30 of 2nd period - Icing by Xavier Parent.
12:31 of 2nd period - Adam Sykora wins face-off versus Jackson Blake in KUUJJUAQ MOSQUITO zone.
12:36 of 2nd period - Jordan Greenway is hit by Bradley Marek and loses puck.
13:06 of 2nd period - Off-side.
13:07 of 2nd period - Bradley Marek wins face-off versus Jackson Blake in neutral zone.
13:10 of 2nd period - Shot by Alex Swetlikoff.
13:10 of 2nd period - Deflect By Adam Sykora.
13:10 of 2nd period - Shot Misses the Net.
13:18 of 2nd period - Shot by Jackson Blake.
13:18 of 2nd period - Deflect By Glenn Gawdin.
13:18 of 2nd period - Stopped by Hunter Shepard with a rebound.
13:20 of 2nd period - Shot by Jordan Greenway.
13:20 of 2nd period - Stopped by Hunter Shepard without a rebound.
13:21 of 2nd period - Jake Lucchini wins face-off versus Reece Newkirk in KUUJJUAQ MOSQUITO zone.
13:24 of 2nd period - Shot by Matthew Seminoff.
13:24 of 2nd period - Deflect By Jake Lucchini.
13:24 of 2nd period - Stopped by Hunter Shepard without a rebound.
13:25 of 2nd period - Marc McLaughlin wins face-off versus Jackson Blake in KUUJJUAQ MOSQUITO zone.
14:13 of 2nd period - Off-side.
14:14 of 2nd period - Adam Sykora wins face-off versus Tanner Jeannot in neutral zone.
15:21 of 2nd period - Jake Lucchini is hit by Maveric Lamoureux and loses puck.
15:50 of 2nd period - Ondrej Becher is hit by Jakub Dvorak and loses puck.
16:00 of 2nd period - Icing by Niko Huuhtanen.
16:01 of 2nd period - Jackson Blake wins face-off versus Reece Newkirk in KUUJJUAQ MOSQUITO zone.
16:13 of 2nd period - Glenn Gawdin is hit by Jakub Dvorak and loses puck.
16:26 of 2nd period - Glenn Gawdin is hit by Jakub Dvorak and loses puck.
16:53 of 2nd period - Minor Penalty to Jakub Dvorak for Holding.
16:54 of 2nd period - Devin Shore wins face-off versus Alex Swetlikoff in KUUJJUAQ MOSQUITO zone.
16:59 of 2nd period - Shot by Tanner Jeannot.
16:59 of 2nd period - Shot Misses the Net.
17:01 of 2nd period - Shot by Devin Shore.
17:01 of 2nd period - Shot Misses the Net.
17:03 of 2nd period - Shot by Devin Shore.
17:03 of 2nd period - Deflect By Jonatan Berggren.
17:03 of 2nd period - Stopped by Hunter Shepard without a rebound.
17:04 of 2nd period - Devin Shore wins face-off versus Alex Swetlikoff in KUUJJUAQ MOSQUITO zone.
17:23 of 2nd period - Shot by Jonatan Berggren.
17:23 of 2nd period - Stopped by Hunter Shepard without a rebound.
17:24 of 2nd period - Jackson Blake wins face-off versus Niko Huuhtanen in KUUJJUAQ MOSQUITO zone.
17:24 of 2nd period - Jackson Blake is hit by Tobias Bjornfot.
17:32 of 2nd period - Shot by Jackson Blake.
17:32 of 2nd period - Shot Misses the Net.
17:34 of 2nd period - Shot by Jordan Greenway.
17:34 of 2nd period - Shot Blocked by Ben Zloty.
17:36 of 2nd period - Shot by Jordan Greenway.
17:36 of 2nd period - Stopped by Hunter Shepard with a rebound.
17:38 of 2nd period - Shot by Jordan Greenway.
17:38 of 2nd period - Shot Misses the Net.
18:03 of 2nd period - Jordan Greenway is hit by Tobias Bjornfot and loses puck.
18:29 of 2nd period - Jonatan Berggren is hit by Maveric Lamoureux and loses puck.
19:06 of 2nd period - Shot by Ondrej Becher.
19:06 of 2nd period - Deflect By Jake Lucchini.
19:06 of 2nd period - Shot Blocked by Jordan Harris.
19:28 of 2nd period - Shot by Nikolas Matinpalo.
19:28 of 2nd period - Stopped by Hunter Shepard with a rebound.
19:49 of 2nd period - Icing by Kirill Kudryavtsev.
19:50 of 2nd period - Adam Sykora wins face-off versus Dalibor Dvorsky in CHICAGO WOLVES zone.
19:53 of 2nd period - Shot by Bradley Marek.
19:53 of 2nd period - Stopped by Vitek Vanecek without a rebound.
19:54 of 2nd period - Adam Sykora wins face-off versus Devin Shore in CHICAGO WOLVES zone.
19:55 of 2nd period - Shot by Bradley Marek.
19:55 of 2nd period - Shot Misses the Net.
Goals for this period are 0 for CHICAGO WOLVES vs 1 for KUUJJUAQ MOSQUITO.
Shots for this period are 22 for CHICAGO WOLVES vs 6 for KUUJJUAQ MOSQUITO.

3rd period


0:01 of 3rd period - Marc McLaughlin wins face-off versus Glenn Gawdin in neutral zone.
0:06 of 3rd period - Shot by Marc McLaughlin.
0:06 of 3rd period - Stopped by Vitek Vanecek without a rebound.
0:07 of 3rd period - Marc McLaughlin wins face-off versus Jackson Blake in CHICAGO WOLVES zone.
0:10 of 3rd period - Shot by Xavier Parent.
0:10 of 3rd period - Shot Misses the Net.
0:29 of 3rd period - Shot by Jordan Greenway.
0:29 of 3rd period - Stopped by Hunter Shepard without a rebound.
0:30 of 3rd period - Adam Sykora wins face-off versus Tanner Jeannot in KUUJJUAQ MOSQUITO zone.
0:39 of 3rd period - Alex Swetlikoff is hit by Montana Onyebuchi and loses puck.
0:52 of 3rd period - Shot by Bradley Marek.
0:52 of 3rd period - Shot Misses the Net.
0:54 of 3rd period - Shot by Maveric Lamoureux.
0:54 of 3rd period - Goal by Maveric Lamoureux - CHICAGO WOLVES : 2 - KUUJJUAQ MOSQUITO : 2.
0:55 of 3rd period - Jackson Blake wins face-off versus Marc McLaughlin in neutral zone.
1:04 of 3rd period - Shot by Xavier Parent.
1:04 of 3rd period - Stopped by Vitek Vanecek without a rebound.
1:05 of 3rd period - Dalibor Dvorsky wins face-off versus Marc McLaughlin in CHICAGO WOLVES zone.
1:14 of 3rd period - Jordan Harris is hit by Yan Kuznetsov and loses puck.
1:18 of 3rd period - Icing by Kirill Kudryavtsev.
1:19 of 3rd period - Adam Sykora wins face-off versus Dalibor Dvorsky in CHICAGO WOLVES zone.
1:27 of 3rd period - Shot by Adam Sykora.
1:27 of 3rd period - Stopped by Vitek Vanecek without a rebound.
1:28 of 3rd period - Devin Shore wins face-off versus Niko Huuhtanen in CHICAGO WOLVES zone.
1:28 of 3rd period - Devin Shore is hit by Marc McLaughlin.
1:36 of 3rd period - Shot by Jonatan Berggren.
1:36 of 3rd period - Goal by Jonatan Berggren - CHICAGO WOLVES : 3 - KUUJJUAQ MOSQUITO : 2.
1:37 of 3rd period - Jackson Blake wins face-off versus Marc McLaughlin in neutral zone.
2:00 of 3rd period - Off-side.
2:01 of 3rd period - Adam Sykora wins face-off versus Devin Shore in neutral zone.
2:12 of 3rd period - Icing by Jonatan Berggren.
2:13 of 3rd period - Devin Shore wins face-off versus Niko Huuhtanen in CHICAGO WOLVES zone.
2:21 of 3rd period - Minor Penalty to Jakub Dvorak for Hooking.
2:22 of 3rd period - Alex Swetlikoff wins face-off versus Jackson Blake in KUUJJUAQ MOSQUITO zone.
2:45 of 3rd period - Shot by Jordan Greenway.
2:45 of 3rd period - Stopped by Hunter Shepard without a rebound.
2:46 of 3rd period - Devin Shore wins face-off versus Alex Swetlikoff in KUUJJUAQ MOSQUITO zone.
2:49 of 3rd period - Shot by Jonatan Berggren.
2:49 of 3rd period - Shot Misses the Net.
3:22 of 3rd period - Shot by Devin Shore.
3:22 of 3rd period - Stopped by Hunter Shepard without a rebound.
3:23 of 3rd period - Niko Huuhtanen wins face-off versus Jackson Blake in KUUJJUAQ MOSQUITO zone.
3:53 of 3rd period - Shot by Jackson Blake.
3:53 of 3rd period - Goal by Jackson Blake - CHICAGO WOLVES : 4 - KUUJJUAQ MOSQUITO : 2.
3:54 of 3rd period - Jake Lucchini wins face-off versus Niko Huuhtanen in neutral zone.
3:57 of 3rd period - Shot by Jake Lucchini.
3:57 of 3rd period - Deflect By Ondrej Becher.
3:57 of 3rd period - Shot Blocked by Maveric Lamoureux.
5:08 of 3rd period - Shot by Alex Swetlikoff.
5:08 of 3rd period - Shot Blocked by Yan Kuznetsov.
5:24 of 3rd period - Jackson Blake is hit by Jakub Dvorak and loses puck.
5:57 of 3rd period - Shot by Jonatan Berggren.
5:57 of 3rd period - Deflect By Tanner Jeannot.
5:57 of 3rd period - Shot Blocked by Maveric Lamoureux.
5:59 of 3rd period - Shot by Devin Shore.
5:59 of 3rd period - Stopped by Hunter Shepard without a rebound.
6:00 of 3rd period - Jonatan Berggren wins face-off versus Marc McLaughlin in KUUJJUAQ MOSQUITO zone.
6:00 of 3rd period - Minor Penalty to Ben Zloty for Holding Stick.
6:01 of 3rd period - Devin Shore wins face-off versus Alex Swetlikoff in KUUJJUAQ MOSQUITO zone.
6:01 of 3rd period - Devin Shore is hit by Dyllan Gill.
6:03 of 3rd period - Shot by Jonatan Berggren.
6:03 of 3rd period - Deflect By Tanner Jeannot.
6:03 of 3rd period - Stopped by Hunter Shepard without a rebound.
6:04 of 3rd period - Alex Swetlikoff wins face-off versus Devin Shore in KUUJJUAQ MOSQUITO zone.
6:15 of 3rd period - Shot by Tanner Jeannot.
6:15 of 3rd period - Shot Misses the Net.
6:17 of 3rd period - Shot by Tanner Jeannot.
6:17 of 3rd period - Stopped by Hunter Shepard with a rebound.
6:19 of 3rd period - Shot by Tanner Jeannot.
6:19 of 3rd period - Shot Blocked by Tobias Bjornfot.
6:48 of 3rd period - Icing by Jonatan Berggren.
6:49 of 3rd period - Niko Huuhtanen wins face-off versus Devin Shore in CHICAGO WOLVES zone.
7:16 of 3rd period - Shot by Glenn Gawdin.
7:16 of 3rd period - Shot Misses the Net.
7:18 of 3rd period - Shot by Jordan Greenway.
7:18 of 3rd period - Shot Misses the Net.
7:23 of 3rd period - Shot by Yan Kuznetsov.
7:23 of 3rd period - Stopped by Hunter Shepard without a rebound.
7:24 of 3rd period - Alex Swetlikoff wins face-off versus Jackson Blake in KUUJJUAQ MOSQUITO zone.
7:24 of 3rd period - Xavier Parent is hit by Yan Kuznetsov and loses puck.
7:35 of 3rd period - Shot by Jackson Blake.
7:35 of 3rd period - Shot Misses the Net.
7:37 of 3rd period - Shot by Jordan Greenway.
7:37 of 3rd period - Shot Blocked by Jordan Harris.
7:43 of 3rd period - Shot by Glenn Gawdin.
7:43 of 3rd period - Stopped by Hunter Shepard without a rebound.
7:44 of 3rd period - Niko Huuhtanen wins face-off versus Devin Shore in KUUJJUAQ MOSQUITO zone.
8:19 of 3rd period - Icing by Jordan Harris.
8:20 of 3rd period - Niko Huuhtanen wins face-off versus Glenn Gawdin in KUUJJUAQ MOSQUITO zone.
8:27 of 3rd period - Shot by Tyler Thorpe.
8:27 of 3rd period - Stopped by Vitek Vanecek without a rebound.
8:28 of 3rd period - Adam Sykora wins face-off versus Jake Lucchini in CHICAGO WOLVES zone.
8:40 of 3rd period - Yan Kuznetsov is hit by Bradley Marek.
8:52 of 3rd period - Shot by Alex Swetlikoff.
8:52 of 3rd period - Shot Misses the Net.
9:05 of 3rd period - Jake Lucchini is hit by Maveric Lamoureux and loses puck.
9:23 of 3rd period - Jackson Blake is hit by Maveric Lamoureux and loses puck.
9:27 of 3rd period - Jackson Blake is hit by Maveric Lamoureux and loses puck.
10:11 of 3rd period - Marc McLaughlin is hit by Tanner Jeannot and loses puck.
10:37 of 3rd period - Shot by Devin Shore.
10:37 of 3rd period - Shot Misses the Net.
10:39 of 3rd period - Shot by Jonatan Berggren.
10:39 of 3rd period - Stopped by Hunter Shepard without a rebound.
10:40 of 3rd period - Niko Huuhtanen wins face-off versus Jake Lucchini in KUUJJUAQ MOSQUITO zone.
10:40 of 3rd period - Niko Huuhtanen is hit by Ondrej Becher.
10:48 of 3rd period - Shot by Niko Huuhtanen.
10:48 of 3rd period - Deflect By Tyler Thorpe.
10:48 of 3rd period - Stopped by Vitek Vanecek without a rebound.
10:49 of 3rd period - Jake Lucchini wins face-off versus Reece Newkirk in CHICAGO WOLVES zone.
11:15 of 3rd period - Icing by Kirill Kudryavtsev.
11:16 of 3rd period - Matthew Seminoff wins face-off versus Adam Sykora in CHICAGO WOLVES zone.
11:23 of 3rd period - Kirill Kudryavtsev is hit by Maveric Lamoureux and loses puck.
11:28 of 3rd period - Shot by Jake Lucchini.
11:28 of 3rd period - Stopped by Hunter Shepard without a rebound.
11:29 of 3rd period - Niko Huuhtanen wins face-off versus Jackson Blake in KUUJJUAQ MOSQUITO zone.
11:49 of 3rd period - Shot by Glenn Gawdin.
11:49 of 3rd period - Stopped by Hunter Shepard without a rebound.
11:50 of 3rd period - Adam Sykora wins face-off versus Devin Shore in KUUJJUAQ MOSQUITO zone.
11:50 of 3rd period - Adam Sykora is hit by Tanner Jeannot.
11:57 of 3rd period - Icing by Vincent Iorio.
11:58 of 3rd period - Adam Sykora wins face-off versus Devin Shore in CHICAGO WOLVES zone.
11:58 of 3rd period - Maveric Lamoureux is hit by Vincent Iorio.
12:00 of 3rd period - Shot by Bradley Marek.
12:00 of 3rd period - Shot Misses the Net.
12:10 of 3rd period - Scott Harrington is hit by Tanner Jeannot and loses puck.
12:23 of 3rd period - Shot by Devin Shore.
12:23 of 3rd period - Stopped by Hunter Shepard with a rebound.
12:27 of 3rd period - Shot by Devin Shore.
12:27 of 3rd period - Shot Blocked by Maveric Lamoureux.
12:29 of 3rd period - Shot by Devin Shore.
12:29 of 3rd period - Shot Blocked by Scott Harrington.
12:51 of 3rd period - Shot by Jordan Greenway.
12:51 of 3rd period - Goal by Jordan Greenway - CHICAGO WOLVES : 5 - KUUJJUAQ MOSQUITO : 2.
12:52 of 3rd period - Marc McLaughlin wins face-off versus Jake Lucchini in neutral zone.
12:52 of 3rd period - Xavier Parent is hit by Montana Onyebuchi and loses puck.
13:08 of 3rd period - Shot by Jake Lucchini.
13:08 of 3rd period - Stopped by Hunter Shepard without a rebound.
13:09 of 3rd period - Glenn Gawdin wins face-off versus Xavier Parent in KUUJJUAQ MOSQUITO zone.
13:20 of 3rd period - Icing by Jackson Blake.
13:21 of 3rd period - Niko Huuhtanen wins face-off versus Jackson Blake in CHICAGO WOLVES zone.
13:21 of 3rd period - Marc McLaughlin is hit by Yan Kuznetsov and loses puck.
13:34 of 3rd period - Shot by Niko Huuhtanen.
13:34 of 3rd period - Stopped by Vitek Vanecek without a rebound.
13:35 of 3rd period - Alex Swetlikoff wins face-off versus Devin Shore in CHICAGO WOLVES zone.
14:02 of 3rd period - Jonatan Berggren is hit by Maveric Lamoureux and loses puck.
14:09 of 3rd period - Shot by Jonatan Berggren.
14:09 of 3rd period - Shot Blocked by Maveric Lamoureux.
14:11 of 3rd period - Shot by Devin Shore.
14:11 of 3rd period - Stopped by Hunter Shepard with a rebound.
14:26 of 3rd period - Minor Penalty to Alex Swetlikoff for Tripping.
14:27 of 3rd period - Jordan Greenway wins face-off versus Marc McLaughlin in KUUJJUAQ MOSQUITO zone.
14:52 of 3rd period - Shot by Jackson Blake.
14:52 of 3rd period - Stopped by Hunter Shepard without a rebound.
14:53 of 3rd period - Devin Shore wins face-off versus Adam Sykora in KUUJJUAQ MOSQUITO zone.
15:16 of 3rd period - Shot by Tanner Jeannot.
15:16 of 3rd period - Shot Misses the Net.
15:18 of 3rd period - Shot by Montana Onyebuchi.
15:18 of 3rd period - Stopped by Hunter Shepard with a rebound.
15:32 of 3rd period - Jordan Greenway is hit by Adam Sykora and loses puck.
15:53 of 3rd period - Shot by Glenn Gawdin.
15:53 of 3rd period - Stopped by Hunter Shepard without a rebound.
15:54 of 3rd period - Jackson Blake wins face-off versus Marc McLaughlin in KUUJJUAQ MOSQUITO zone.
15:55 of 3rd period - Shot by Jordan Greenway.
15:55 of 3rd period - Shot Blocked by Scott Harrington.
15:57 of 3rd period - Shot by Jordan Greenway.
15:57 of 3rd period - Stopped by Hunter Shepard without a rebound.
15:58 of 3rd period - Jackson Blake wins face-off versus Marc McLaughlin in KUUJJUAQ MOSQUITO zone.
16:15 of 3rd period - Shot by Jackson Blake.
16:15 of 3rd period - Stopped by Hunter Shepard without a rebound.
16:16 of 3rd period - Adam Sykora wins face-off versus Devin Shore in KUUJJUAQ MOSQUITO zone.
16:16 of 3rd period - Adam Sykora is hit by Tanner Jeannot.
16:26 of 3rd period - Shot by Jonatan Berggren.
16:26 of 3rd period - Shot Blocked by Niko Huuhtanen.
16:28 of 3rd period - Shot by Vincent Iorio.
16:28 of 3rd period - Deflect By Jake Lucchini.
16:28 of 3rd period - Shot Misses the Net.
16:30 of 3rd period - Shot by Matthew Seminoff.
16:30 of 3rd period - Stopped by Hunter Shepard with a rebound.
16:32 of 3rd period - Shot by Vincent Iorio.
16:32 of 3rd period - Shot Misses the Net.
16:38 of 3rd period - Shot by Jake Lucchini.
16:38 of 3rd period - Deflect By Matthew Seminoff.
16:38 of 3rd period - Stopped by Hunter Shepard without a rebound.
16:39 of 3rd period - Bradley Marek wins face-off versus Dalibor Dvorsky in KUUJJUAQ MOSQUITO zone.
16:47 of 3rd period - Shot by Dalibor Dvorsky.
16:47 of 3rd period - Stopped by Hunter Shepard with a rebound.
16:49 of 3rd period - Shot by Yan Kuznetsov.
16:49 of 3rd period - Shot Misses the Net.
17:09 of 3rd period - Shot by Jackson Blake.
17:09 of 3rd period - Shot Misses the Net.
17:11 of 3rd period - Shot by Yan Kuznetsov.
17:11 of 3rd period - Shot Misses the Net.
17:17 of 3rd period - Shot by Jackson Blake.
17:17 of 3rd period - Shot Misses the Net.
17:47 of 3rd period - Shot by Niko Huuhtanen.
17:47 of 3rd period - Shot Blocked by Montana Onyebuchi.
18:30 of 3rd period - Shot by Xavier Parent.
18:30 of 3rd period - Shot Misses the Net.
18:34 of 3rd period - Shot by Xavier Parent.
18:34 of 3rd period - Shot Misses the Net.
18:36 of 3rd period - Shot by Tobias Bjornfot.
18:36 of 3rd period - Shot Misses the Net.
18:38 of 3rd period - Shot by Niko Huuhtanen.
18:38 of 3rd period - Shot Blocked by Luke Krys.
18:49 of 3rd period - Icing by Devin Shore.
18:50 of 3rd period - Adam Sykora wins face-off versus Devin Shore in CHICAGO WOLVES zone.
18:55 of 3rd period - Shot by Alex Swetlikoff.
18:55 of 3rd period - Shot Misses the Net.
18:57 of 3rd period - Shot by Maveric Lamoureux.
18:57 of 3rd period - Stopped by Vitek Vanecek without a rebound.
18:58 of 3rd period - Ondrej Becher wins face-off versus Marc McLaughlin in CHICAGO WOLVES zone.
19:02 of 3rd period - Icing by Nikolas Matinpalo.
19:03 of 3rd period - Adam Sykora wins face-off versus Jake Lucchini in CHICAGO WOLVES zone.
19:08 of 3rd period - Shot by Alex Swetlikoff.
19:08 of 3rd period - Stopped by Vitek Vanecek with a rebound.
19:10 of 3rd period - Shot by Scott Harrington.
19:10 of 3rd period - Shot Hit the Post.
19:20 of 3rd period - Shot by Alex Swetlikoff.
19:20 of 3rd period - Stopped by Vitek Vanecek with a rebound.
19:22 of 3rd period - Shot by Scott Harrington.
19:22 of 3rd period - Stopped by Vitek Vanecek with a rebound.
19:30 of 3rd period - Shot by Adam Sykora.
19:30 of 3rd period - Stopped by Vitek Vanecek without a rebound.
19:31 of 3rd period - Jackson Blake wins face-off versus Marc McLaughlin in CHICAGO WOLVES zone.
19:38 of 3rd period - Shot by Jackson Blake.
19:38 of 3rd period - Shot Blocked by Jordan Harris.
19:40 of 3rd period - Shot by Jackson Blake.
19:40 of 3rd period - Shot Misses the Net.
19:42 of 3rd period - Shot by Glenn Gawdin.
19:42 of 3rd period - Shot Misses the Net.
19:44 of 3rd period - Shot by Glenn Gawdin.
19:44 of 3rd period - Shot Misses the Net.
19:46 of 3rd period - Shot by Jordan Greenway.
19:46 of 3rd period - Stopped by Hunter Shepard with a rebound.
19:48 of 3rd period - Shot by Jordan Greenway.
19:48 of 3rd period - Shot Misses the Net.
Goals for this period are 3 for CHICAGO WOLVES vs 1 for KUUJJUAQ MOSQUITO.
Shots for this period are 26 for CHICAGO WOLVES vs 12 for KUUJJUAQ MOSQUITO.